 Dungeon Crawl Stone Soup version 0.30.0 (webtiles) character file.

Game seed: 6274022747259688645

74 alexhoolio the Poker (level 4, -2/28 HPs)
             Began as a Gargoyle Fighter on June 4, 2023.
             Slain by an orc
             ... wielding a +0 flail
              (3 damage)
             ... on level 3 of the Dungeon.
             The game lasted 00:03:58 (1637 turns).

alexhoolio the Poker (Gargoyle Fighter)             Turns: 1637, Time: 00:03:59

Health: -2/28      AC: 10    Str: 21    XL:     4   Next: 28%
Magic:  4/4        EV:  9    Int:  9    God:
Gold:   79         SH:  4    Dex:  9    Spells: 3/3 levels left

rFire   . . .        a - +0 trident
rCold   . . .        c - +0 buckler
rNeg    + . .        b - +0 scale mail
rPois   ∞            (no helmet)
rElec   +            (no cloak)
rCorr   .            (no gloves)
SInv    .            (no boots)
Will    .....        (no amulet) Stlth
                     (no ring)
HPRegen 0.24/turn    (no ring)
MPRegen 0.09/turn

%: no passive effects
@: invisible
A: sickness immunity, AC +3, negative energy resistance 1, electricity
resistance, torment resistance 1, petrification resistance
a: no special abilities


You were on level 3 of the Dungeon.
You visited 1 branch of the dungeon, and saw 3 of its levels.

You collected 167 gold pieces.
You spent 88 gold pieces at shops.

Inventory:

Hand Weapons
 a - a +0 trident (weapon)
 m - a +0 sling
Missiles
 n - 2 poisoned darts (quivered)
Armour
 b - a +0 scale mail (worn)
 c - a +0 buckler (worn)
Scrolls
 f - 3 scrolls of identify {unknown}
 g - a scroll of amnesia {unknown}
 h - 2 scrolls of enchant weapon {unknown}
 i - a scroll of blinking {unknown}
 l - 2 scrolls of teleportation {unknown}
Potions
 d - a potion of might
 e - 2 potions of degeneration {unknown}
 j - a potion of ambrosia {unknown}
 k - 3 potions of invisibility


   Skills:
 - Level 3.2 Fighting
 * Level 4.0 Polearms
 - Level 3.2 Armour
 - Level 3.2 Shields


You had 3 spell levels left.
You didn't know any spells.
Your spell library contained the following spells:

 Spells                   Type           Power      Damage    Failure   Level
 Ensorcelled Hibernation  Hex/Ice        0%         N/A       90%         2
 Frozen Ramparts          Ice            0%         1d1       99%         3
 Hailstorm                Conj/Ice       0%         3d3       99%         3
 Metabolic Englaciation   Hex/Ice        0%         N/A       100%        5


Dungeon Overview and Level Annotations

Branches:
Dungeon (3/15)

Altars:

Shops:
D:2 !


Innate Abilities, Weirdness & Mutations

You are immune to sickness and miasma.
Your stone body is resilient. (AC +3)
You are immune to poison.
You resist negative energy. (rN+)
You are resistant to electric shocks. (rElec)
You are resistant to unholy torment.
You are immune to petrification.


Message History

You reach to attack!
You puncture the orc!
You kill the orc!
Your Polearms skill increases to level 4!
No target in view! 2 orcs, 2 orc priests and a hobgoblin come into view.
The orc shouts! x2; The hobgoblin shouts!
You reach to attack!
You closely miss the hobgoblin. The hobgoblin attacks as you move away!
The hobgoblin closely misses you. The hobgoblin attacks as you move away!
The hobgoblin hits you but does no damage.
You puncture the hobgoblin!
You kill the hobgoblin!
You reach to attack!
You puncture the orc!
You kill the orc!
No target in view!
You reach to attack!
You puncture the orc priest!
The orc priest is severely wounded.
You barely miss the orc priest.
The orc priest is severely wounded.
The orc priest casts a cantrip, but nothing happens.
You hit the orc priest but do no damage.
The orc priest is severely wounded.
The orc priest closely misses you.
You barely miss the orc priest.
The orc priest is severely wounded.
The orc priest invokes the aid of Beogh against you.
Beogh smites you!
You hit the orc priest.
The orc priest is almost dead.
The orc priest hits you with a +0 whip. You block the orc's attack.
The orc priest hits you but does no damage.
The orc priest calls down the wrath of Beogh upon you.
Beogh smites you!
Ouch! That really hurt!
* * * LOW HITPOINT WARNING * * *
You fade into invisibility!
You block the orc priest's attack.
The orc priest hits you but does no damage.
The orc hits you with a +0 flail.
You die...

##.# #o.# #o## #.# #o#
#.# #.# ####)#######
#....o@....#
#....oo....############
#......................
####.##...#############
#.####..# ##### #.#
##.# #.... #.# #.#
#.###
#.#####.########.#
#................#


You could see 2 orc priests and an orc (unable to see you).

Vanquished Creatures
  Jessica (D:3)
  A worm (D:2)
  A dart slug (D:3)
  2 orcs (D:3)
  2 bats (D:1)
  An endoplasm (D:2)
  6 goblins
  3 hobgoblins
  3 jackals (D:2)
  3 kobolds
  3 quokkas
  5 ball pythons
  5 frilled lizards
  A rat (D:1)
37 creatures vanquished.

Notes
Turn   | Place    | Note
-------+----------+-------------------------------------------
     0 | D:1      | alexhoolio the Gargoyle Fighter began the quest for the
                  | Orb.
     0 | D:1      | Reached XP level 1. HP: 14/14 MP: 1/1
    27 | D:1      | Reached skill level 2 in Polearms
   104 | D:1      | Reached XP level 2. HP: 19/19 MP: 2/2
   488 | D:1      | Got Wuuxkizarch's Incunabulum of the Crevasse
   539 | D:1      | Reached skill level 3 in Polearms
   721 | D:2      | Reached XP level 3. HP: 21/23 MP: 3/3
   915 | D:2      | Found Erora's Distillery.
   924 | D:2      | Bought a potion of invisibility for 88 gold pieces
  1385 | D:3      | Noticed Jessica
  1403 | D:3      | Killed Jessica
  1404 | D:3      | Reached XP level 4. HP: 28/28 MP: 4/4
  1609 | D:3      | Reached skill level 4 in Polearms
  1636 | D:3      | HP: 1/28 [orc priest/divine providence (15)]
  1637 | D:3      | Slain by an orc

Illustrated notes

Levels and vault maps discovered:
D:1:      eino_arrival_tree_alley, layout_basic
D:2:      layout_loops_cross, serial_shops, shop
D:3:      layout_rooms, lemuel_flame_loot_1, uniq_jessica, uniq_sigmund

Skill      XL: |  1  2  3  4 |
---------------+-------------+-----
Polearms       | 2 3 4 |  4.0
Fighting       | |  3.2
Armour         | |  3.2
Shields        | |  3.2

Action                     |  1- 3 |  4- 6 || total
---------------------------+-------+-------++-------
  Melee: Trident           |   129 |    30 ||   159
    Use: Potion            |       |     1 ||     1
 Armour: Scale mail        |    38 |    13 ||    51
  Dodge: Dodged            |    54 |    12 ||    66
  Block: Buckler           |    18 |     5 ||    23
